DBL
ORLANDO DEVIL RAYS @ CLEVELAND SPIDERS
05/31/1997
 
TOP OF THE 1ST
Orlando Devil Rays batting - Pitching for Cleveland Spiders : LHP Sterling Hitchcock
Pitching: LHP Sterling Hitchcock
Batting: RHB Craig Biggio 0-0: Foul Ball, location: 2F
0-1: Ball
1-1: Ball
2-1: Ball
3-1: Called Strike
3-2: Base on Balls
Batting: RHB Brian Jordan 0-0: Ball
1-0: Called Strike
1-1: Foul Ball, location: 2F
1-2: Ball
2-2: Fly out, F9 (Flyball, 9, EV 76.3 MPH)
Batting: RHB Jeff Bagwell 0-0: Ball
1-0: Ball
2-0: Called Strike
2-1: Fly out, F9 (Flyball, 9LMF, EV 100.0 MPH)
Batting: RHB Ron Gant 0-0: Ball
1-0: Fly out, F9 (Flyball, 9, EV 79.4 MPH)
Top of the 1st over - 0 runs, 0 hits, 0 errors, 1 left on base; Orlando 0 - Cleveland 0
BOTTOM OF THE 1ST
Cleveland Spiders batting - Pitching for Orlando Devil Rays : RHP Alan Benes
Pitching: RHP Alan Benes
Batting: LHB Darryl Strawberry 0-0: Called Strike
0-1: Ball
1-1: Reached on error, E5 (Groundball, 56S, EV 87.5 MPH)
Batting: SHB Tomas Perez 0-0: Foul Ball, location: 2F
0-1: Ground out 4-3 (Groundball, 4, EV 76.9 MPH)
Darryl Strawberry to third
Batting: RHB Kevin Mitchell 0-0: Ball
1-0: Ball
2-0: Foul Ball, location: 2F
2-1: Foul Ball, location: 2F
2-2: Strikes out looking
Batting: SHB Todd Hundley 0-0: Ball
1-0: Ball
2-0: Called Strike
2-1: Called Strike
2-2: Foul Ball, location: 2F
2-2: Fly out, F2 (Popup, 25F, EV 86.3 MPH)
Bottom of the 1st over - 0 runs, 0 hits, 1 error, 1 left on base; Orlando 0 - Cleveland 0
TOP OF THE 2ND
Orlando Devil Rays batting - Pitching for Cleveland Spiders : LHP Sterling Hitchcock
Batting: RHB Tim Salmon 0-0: Called Strike
0-1: Swinging Strike
0-2: Ball
1-2: Foul Ball, location: 2F
1-2: Ball
2-2: Ball
3-2: Strikes out looking
Batting: RHB Ivan Rodriguez 0-0: Called Strike
0-1: Fly out, F7 (Flyball, 7, EV 96.3 MPH)
Batting: LHB Paul O'Neill 0-0: Ball
1-0: Ball
2-0: Ground out 4-3 (Groundball, 4, EV 86.3 MPH)
Top of the 2nd over - 0 runs, 0 hits, 0 errors, 0 left on base; Orlando 0 - Cleveland 0
BOTTOM OF THE 2ND
Cleveland Spiders batting - Pitching for Orlando Devil Rays : RHP Alan Benes
Batting: LHB Raul Ibanez 0-0: Called Strike
0-1: Ball
1-1: SINGLE (Flyball, 7S, EV 92.5 MPH)
Batting: SHB Howard Johnson 0-0: Ball
1-0: Ball
2-0: Ball
3-0: Called Strike
3-1: Bunt missed!
3-2: Fly out, F8 (Flyball, 8RS, EV 80.6 MPH)
Batting: RHB Bernard Gilkey 0-0: Swinging Strike
0-1: Ball
1-1: Ball
2-1: 2-RUN HOME RUN (Flyball, 9D, EV 93.8 MPH), Distance : 374 ft
Batting: RHB Marquis Grissom 0-0: Called Strike
0-1: Foul Ball, location: 2F
0-2: Strikes out swinging
Batting: RHB Billy Ripken 0-0: Ball
1-0: Foul Ball, location: 2F
1-1: Ball
2-1: Ball
3-1: Base on Balls
Batting: LHB Darryl Strawberry 0-0: SINGLE (Line Drive, 89M, EV 98.8 MPH)
Billy Ripken to second
Batting: SHB Tomas Perez 0-0: Ball
1-0: Called Strike
1-1: Foul Ball, location: 2F
1-2: Ball
2-2: Ball
3-2: Base on Balls
Billy Ripken to third
Darryl Strawberry to second
Batting: RHB Kevin Mitchell 0-0: Foul Ball, location: 2F
0-1: Foul Ball, location: 2F
0-2: SINGLE (Groundball, 56D, EV 103.8 MPH)
Billy Ripken scores
Darryl Strawberry to third
Tomas Perez to second
Runner from 3rd tries for Home, SAFE, throw by LF to home
Batting: SHB Todd Hundley 0-0: Called Strike
0-1: Ball
1-1: Swinging Strike
1-2: Foul Ball, location: 2F
1-2: Foul Ball, location: 2F
1-2: Ball
2-2: 3-RUN HOME RUN (Flyball, 9D, EV 97.5 MPH), Distance : 368 ft
Pitching: LHP Shawn Estes
Batting: LHB Raul Ibanez 0-0: Swinging Strike
0-1: Ball
1-1: Ball
2-1: Foul Ball, location: 2F
2-2: Ball
3-2: Foul Ball, location: 2F
3-2: Base on Balls
Batting: SHB Howard Johnson 0-0: Ball
1-0: Ball
2-0: Called Strike
2-1: Ball
3-1: Swinging Strike
3-2: Fly out, F8 (Flyball, 8LM, EV 83.8 MPH)
Bottom of the 2nd over - 7 runs, 5 hits, 0 errors, 1 left on base; Orlando 0 - Cleveland 7
TOP OF THE 3RD
Orlando Devil Rays batting - Pitching for Cleveland Spiders : LHP Sterling Hitchcock
Batting: SHB Jose Valentin 0-0: Foul Ball, location: 2F
0-1: Ball
1-1: Called Strike
1-2: Ball
2-2: Ball
3-2: SINGLE (Line Drive, 9S, EV 87.5 MPH)
Batting: SHB Jose Oquendo 0-0: Foul Ball, location: 2F
0-1: Ball
1-1: Swinging Strike
1-2: Ball
2-2: Ground out U3 (Groundball, 3, EV 88.1 MPH)
Jose Valentin to second
Batting: RHB Craig Biggio 0-0: Called Strike
0-1: Ball
1-1: Ball
2-1: Foul Ball, location: 2F
2-2: 2-RUN HOME RUN (Flyball, 7D, EV 93.8 MPH), Distance : 369 ft
Batting: RHB Brian Jordan 0-0: SOLO HOME RUN (Flyball, 9D, EV 95.6 MPH), Distance : 364 ft
Batting: RHB Jeff Bagwell 0-0: Foul Ball, location: 2F
0-1: Foul Ball, location: 2F
0-2: Strikes out looking
Batting: RHB Ron Gant 0-0: Ball
1-0: Ball
2-0: Ball
3-0: Called Strike
3-1: Fly out, F8 (Line Drive, 8RD, EV 88.8 MPH)
Top of the 3rd over - 3 runs, 3 hits, 0 errors, 0 left on base; Orlando 3 - Cleveland 7
BOTTOM OF THE 3RD
Cleveland Spiders batting - Pitching for Orlando Devil Rays : LHP Shawn Estes
Batting: RHB Bernard Gilkey 0-0: Called Strike
0-1: Ball
1-1: Foul Ball, location: 2F
1-2: Foul Ball, location: 2F
1-2: Foul Ball, location: 2F
1-2: Foul Ball, location: 2F
1-2: Ball
2-2: Strikes out looking
Batting: RHB Marquis Grissom 0-0: Called Strike
0-1: Ball
1-1: Foul Ball, location: 2F
1-2: SINGLE (Line Drive, 6MD, EV 95.6 MPH)
Batting: RHB Billy Ripken 0-0: Fly out, F3 (Line Drive, 3, EV 68.8 MPH)
Batting: LHB Darryl Strawberry 0-0: Ball
1-0: Called Strike
1-1: Ball
2-1: Fly out, F8 (Flyball, 8RM, EV 90.6 MPH)
Bottom of the 3rd over - 0 runs, 1 hit, 0 errors, 1 left on base; Orlando 3 - Cleveland 7
TOP OF THE 4TH
Orlando Devil Rays batting - Pitching for Cleveland Spiders : LHP Sterling Hitchcock
Batting: RHB Tim Salmon 0-0: Ball
1-0: Fly out, F7 (Flyball, 7, EV 89.4 MPH)
Batting: RHB Ivan Rodriguez 0-0: Called Strike
0-1: Foul Ball, location: 2F
0-2: Foul Ball, location: 2F
0-2: Ball
1-2: Strikes out swinging
Batting: LHB Paul O'Neill 0-0: SINGLE (Line Drive, 6D, EV 94.4 MPH)
Batting: SHB Jose Valentin Pickoff Throw to First - Out! 1-3
Top of the 4th over - 0 runs, 1 hit, 0 errors, 0 left on base; Orlando 3 - Cleveland 7
BOTTOM OF THE 4TH
Cleveland Spiders batting - Pitching for Orlando Devil Rays : LHP Shawn Estes
Batting: SHB Tomas Perez 0-0: Called Strike
0-1: Ball
1-1: Ball
2-1: Foul Ball, location: 2F
2-2: Strikes out swinging
Batting: RHB Kevin Mitchell 0-0: Called Strike
0-1: Foul Ball, location: 2F
0-2: Strikes out looking
Batting: SHB Todd Hundley 0-0: Swinging Strike
0-1: Foul Ball, location: 2F
0-2: Strikes out swinging
Bottom of the 4th over - 0 runs, 0 hits, 0 errors, 0 left on base; Orlando 3 - Cleveland 7
TOP OF THE 5TH
Orlando Devil Rays batting - Pitching for Cleveland Spiders : LHP Sterling Hitchcock
Batting: SHB Jose Valentin 0-0: Ball
1-0: Ball
2-0: Foul Ball, location: 2F
2-1: Ball
3-1: Swinging Strike
3-2: Foul Ball, location: 2F
3-2: Base on Balls
Batting: SHB Jose Oquendo 0-0: Bunted foul
0-1: Bunted foul
0-2: Ball
1-2: DOUBLE (Line Drive, 89D, EV 110.0 MPH)
Jose Valentin to third
Runner from 3rd tries for Home, SAFE, no throw by RF
Batting: RHB Craig Biggio 0-0: Ball
1-0: Ground out 6-3 (Groundball, 6, EV 78.1 MPH)
Jose Oquendo to third
Batting: RHB Brian Jordan 0-0: Ball
1-0: Called Strike
1-1: Foul Ball, location: 2F
1-2: Ball
2-2: Strikes out swinging
Batting: RHB Jeff Bagwell 0-0: Ball
1-0: Ball
2-0: Called Strike
2-1: Swinging Strike
2-2: Strikes out swinging
Top of the 5th over - 1 run, 1 hit, 0 errors, 1 left on base; Orlando 4 - Cleveland 7
BOTTOM OF THE 5TH
Cleveland Spiders batting - Pitching for Orlando Devil Rays : LHP Shawn Estes
Batting: LHB Raul Ibanez 0-0: Called Strike
0-1: Foul Ball, location: 2F
0-2: Foul Ball, location: 2F
0-2: Ball
1-2: Foul Ball, location: 2F
1-2: Foul Ball, location: 2F
1-2: Foul Ball, location: 2F
1-2: Strikes out swinging
Batting: SHB Howard Johnson 0-0: Swinging Strike
0-1: Foul Ball, location: 2F
0-2: Ball
1-2: Ball
2-2: Foul Ball, location: 2F
2-2: Ball
3-2: Fly out, F8 (Flyball, 8RXD, EV 80.0 MPH)
Batting: RHB Bernard Gilkey 0-0: Ball
1-0: Ball
2-0: Ball
3-0: Called Strike
3-1: Called Strike
3-2: Base on Balls
Batting: RHB Marquis Grissom 0-0: Called Strike
0-1: Ball
1-1: Ball
2-1: Foul Ball, location: 2F
2-2: SINGLE (Groundball, 56D, EV 103.8 MPH)
Bernard Gilkey to second
Bernard Gilkey to third
Batting: RHB Billy Ripken 0-0: Ball
1-0: Fielders Choice at 2nd, U4 (Groundball, 4M, EV 106.9 MPH)
Bottom of the 5th over - 0 runs, 1 hit, 0 errors, 2 left on base; Orlando 4 - Cleveland 7
TOP OF THE 6TH
Orlando Devil Rays batting - Pitching for Cleveland Spiders : LHP Sterling Hitchcock
Batting: RHB Ron Gant 0-0: Called Strike
0-1: Bunt missed!
0-2: Ball
1-2: Ball
2-2: Ball
3-2: Foul Ball, location: 2F
3-2: SOLO HOME RUN (Flyball, 7D, EV 101.3 MPH), Distance : 359 ft
Batting: RHB Tim Salmon 0-0: Ball
1-0: Foul Ball, location: 2F
1-1: Swinging Strike
1-2: Strikes out looking
Batting: RHB Ivan Rodriguez 0-0: Ground out 6-3 (Groundball, 6, EV 80.0 MPH)
Batting: LHB Paul O'Neill 0-0: Ball
1-0: Ball
2-0: Ball
3-0: Base on Balls
Batting: SHB Jose Valentin 0-0: Fly out, F9 (Flyball, 9LS, EV 92.5 MPH)
Top of the 6th over - 1 run, 1 hit, 0 errors, 1 left on base; Orlando 5 - Cleveland 7
BOTTOM OF THE 6TH
Cleveland Spiders batting - Pitching for Orlando Devil Rays : LHP Shawn Estes
Batting: LHB Darryl Strawberry 0-0: Ball
1-0: Ball
2-0: Called Strike
2-1: Called Strike
2-2: Strikes out swinging
Pitching: RHP Rich Garces
Batting: SHB Tomas Perez 0-0: Ball
1-0: Fly out, F8 (Flyball, 8RM, EV 93.8 MPH)
Batting: RHB Kevin Mitchell 0-0: Ball
1-0: Ball
2-0: Called Strike
2-1: Ball
3-1: Swinging Strike
3-2: Foul Ball, location: 2F
3-2: Base on Balls
Batting: SHB Todd Hundley 0-0: Ball
1-0: Ball
2-0: Called Strike
2-1: Foul Ball, location: 2F
2-2: Foul Ball, location: 2F
2-2: Strikes out looking
Bottom of the 6th over - 0 runs, 0 hits, 0 errors, 1 left on base; Orlando 5 - Cleveland 7
TOP OF THE 7TH
Orlando Devil Rays batting - Pitching for Cleveland Spiders : LHP Sterling Hitchcock
Batting: SHB Jose Oquendo 0-0: Ground out U3 (Groundball, 3L, EV 88.1 MPH)
Batting: RHB Craig Biggio 0-0: Ball
1-0: SINGLE (Groundball, 56D, EV 98.1 MPH)
Pitching: RHP Willie Banks
Batting: RHB Brian Jordan 0-0: Called Strike
0-1: Ball
1-1: Ball
2-1: Foul Ball, location: 2F
2-2: Ball
3-2: 2-RUN HOME RUN (Flyball, 7LD, EV 100.6 MPH), Distance : 380 ft
Batting: RHB Jeff Bagwell 0-0: Called Strike
0-1: Foul Ball, location: 2F
0-2: Strikes out swinging
Batting: RHB Ron Gant 0-0: Ball
1-0: Foul Ball, location: 2F
1-1: Foul Ball, location: 2F
1-2: Strikes out swinging
Top of the 7th over - 2 runs, 2 hits, 0 errors, 0 left on base; Orlando 7 - Cleveland 7
BOTTOM OF THE 7TH
Cleveland Spiders batting - Pitching for Orlando Devil Rays : RHP Rich Garces
Batting: LHB Raul Ibanez 0-0: Ball
1-0: Fly out, F2 (Popup, 25F, EV 84.4 MPH)
Batting: SHB Howard Johnson 0-0: Ball
1-0: Ball
2-0: Called Strike
2-1: Foul Ball, location: 2F
2-2: Ball
3-2: Base on Balls
Batting: RHB Bernard Gilkey 0-0: Ball
1-0: Fly out, F7 (Flyball, 7D, EV 97.5 MPH)
Batting: RHB Marquis Grissom 0-0: Ball
Howard Johnson steals 2nd base
1-0: Ball
2-0: Fly out, F7 (Line Drive, 7D, EV 90.0 MPH)
Bottom of the 7th over - 0 runs, 0 hits, 0 errors, 1 left on base; Orlando 7 - Cleveland 7
TOP OF THE 8TH
Orlando Devil Rays batting - Pitching for Cleveland Spiders : RHP Willie Banks
Batting: RHB Tim Salmon 0-0: Ball
1-0: Ball
2-0: Called Strike
2-1: Ball
3-1: Swinging Strike
3-2: Base on Balls
Batting: RHB Ivan Rodriguez 0-0: Ball
1-0: Ball
2-0: Ball
3-0: Called Strike
3-1: Bunt missed!
3-2: SINGLE (Groundball, 4D, EV 96.3 MPH)
Tim Salmon to second
Runner from 2nd tries for 3rd, SAFE, throw by CF made to third
Batting: LHB Paul O'Neill 0-0: Foul Ball, location: 2F
0-1: Ball
1-1: Foul Ball, location: 2F
1-2: Ball
2-2: Fly out, F8 (Flyball, 8LM, EV 76.3 MPH)
Runner from 3rd tags up, SCORES, throw by CF
Now in CF: Garret Anderson
Batting: SHB Jose Valentin 0-0: Ball
1-0: Called Strike
1-1: Swinging Strike
1-2: Ball
2-2: Strikes out looking
Batting: SHB Jose Oquendo 0-0: SINGLE (Line Drive, 8RM, EV 89.4 MPH)
Ivan Rodriguez to second
Runner from 2nd tries for 3rd, SAFE, throw by CF made to third
Batting: RHB Craig Biggio 0-0: Ball
1-0: Called Strike
1-1: Called Strike
1-2: Strikes out swinging
Top of the 8th over - 1 run, 2 hits, 0 errors, 2 left on base; Orlando 8 - Cleveland 7
BOTTOM OF THE 8TH
Cleveland Spiders batting - Pitching for Orlando Devil Rays : RHP Rich Garces
Pitching: RHP Xavier Hernandez
Batting: RHB Billy Ripken 0-0: Ball
1-0: Called Strike
1-1: Fly out, F9 (Flyball, 89D, EV 85.6 MPH)
Batting: LHB Darryl Strawberry 0-0: Foul Ball, location: 2F
0-1: Foul Ball, location: 2F
0-2: Ball
1-2: Ball
2-2: Foul Ball, location: 2F
2-2: Ball
3-2: Fly out, F8 (Line Drive, 8RD, EV 88.1 MPH)
Batting: SHB Tomas Perez 0-0: Called Strike
0-1: Ground out 6-3 (Groundball, 56, EV 81.9 MPH)
Bottom of the 8th over - 0 runs, 0 hits, 0 errors, 0 left on base; Orlando 8 - Cleveland 7
TOP OF THE 9TH
Orlando Devil Rays batting - Pitching for Cleveland Spiders : RHP Willie Banks
Batting: RHB Brian Jordan 0-0: SINGLE (Line Drive, 9LS, EV 91.3 MPH)
Batting: RHB Jeff Bagwell 0-0: Called Strike
0-1: Ball
Brian Jordan steals 2nd base
1-1: Ball
2-1: DOUBLE (Line Drive, 7LD, EV 104.4 MPH)
Brian Jordan scores
Batting: RHB Ron Gant 0-0: Ball
1-0: Fly out, F2 (Popup, 3SF, EV 85.0 MPH)
Pitching: RHP Steve Karsay
Batting: RHB Tim Salmon 0-0: 2-RUN HOME RUN (Flyball, 9D, EV 96.3 MPH) (Inside the Park)
Batting: RHB Ivan Rodriguez 0-0: Ball
1-0: Called Strike
1-1: Called Strike
1-2: Foul Ball, location: 2F
1-2: Ball
2-2: Foul Ball, location: 2F
2-2: Foul Ball, location: 2F
2-2: Fly out, F9 (Flyball, 9S, EV 86.9 MPH)
Batting: LHB Paul O'Neill 0-0: Ball
1-0: Ball
2-0: Ball
3-0: Called Strike
3-1: Foul Ball, location: 2F
3-2: Foul Ball, location: 2F
3-2: Base on Balls
Batting: SHB Jose Valentin 0-0: Ball
1-0: Ball
2-0: Ball
3-0: Base on Balls
Paul O'Neill to second
Batting: SHB Jose Oquendo 0-0: Called Strike
0-1: Ball
1-1: Ball
2-1: Swinging Strike
2-2: Strikes out swinging
Top of the 9th over - 3 runs, 3 hits, 0 errors, 2 left on base; Orlando 11 - Cleveland 7
BOTTOM OF THE 9TH
Cleveland Spiders batting - Pitching for Orlando Devil Rays : RHP Xavier Hernandez
Batting: RHB Kevin Mitchell 0-0: Swinging Strike
0-1: Ball
1-1: Foul Ball, location: 2F
1-2: Ball
2-2: Foul Ball, location: 2F
2-2: Foul Ball, location: 2F
2-2: Foul Ball, location: 2F
2-2: Fly out, F7 (Flyball, 7LS, EV 80.0 MPH)
Batting: SHB Todd Hundley 0-0: Called Strike
0-1: Ball
1-1: Fly out, F9 (Flyball, 9, EV 90.0 MPH)
Batting: LHB Raul Ibanez 0-0: Swinging Strike
0-1: Swinging Strike
0-2: Ball
1-2: Strikes out swinging
Bottom of the 9th over - 0 runs, 0 hits, 0 errors, 0 left on base; Orlando 11 - Cleveland 7
Tuesday, February 17th, 2026 - OOTP Baseball 20.8 Build 74